Cogmind - Beta 9.4 @@@ ROGUE MODE // 2020.03.08 @ 15:21:31 Player: Finestep Result: Destroyed by as-35372 with Assembled Blade Performance ------------- Evolutions (0) 0 Regions Visited (4) 800 Robots Destroyed (59) 295 Value Destroyed (838) 838 Prototype IDs (4) 80 Alien Tech Used (0) 0 Bonus (19) 19 TOTAL SCORE: 2032 Bonus ------- High Alert Combat Kills 19 Cogmind --------- Core Integrity 0/250 Matter 222/300 Energy 136/140 System Corruption 0% Temperature Cool (317) Movement Treading (220) Ox3 Location -9/Mines Parts ------- > --- POWER (1) -------- Light Deuterium Engine > --- PROPULSION (2) --- Light Treads Light Treads > --- UTILITY (2) ------ High-capacity Storage Unit High-capacity Storage Unit > --- WEAPON (2) ------- Autogun Autogun > --- INVENTORY (20) --- Light Angular Momentum Engine Fission Core Fission Core Fission Core Armored Treads Large Storage Unit Large Storage Unit High-capacity Storage Unit High-capacity Battery (400) Hardened Light Armor Plating Hardened Light Armor Plating Hardened Medium Armor Plating Hardened Medium Armor Plating Pulse Rifle Beamcaster Light EM Pulse Cannon Light EM Pulse Cannon Light EM Pulse Cannon Rocket Launcher Axe Peak State ------------ > --- POWER ------------ Light Deuterium Engine > --- PROPULSION ------- Light Treads Light Treads > --- UTILITY ---------- High-capacity Storage Unit High-capacity Storage Unit > --- WEAPON ----------- Pulse Rifle Autogun > --- INVENTORY -------- Light Angular Momentum Engine Fission Core Fission Core Fission Core Armored Treads Large Storage Unit Large Storage Unit High-capacity Storage Unit High-capacity Battery Hardened Light Armor Plating Hardened Light Armor Plating Hardened Medium Armor Plating Hardened Medium Armor Plating Beamcaster Light EM Pulse Cannon Light EM Pulse Cannon Light EM Pulse Cannon Autogun Grenade Launcher Axe [Rating: 17] Favorites ----------- Power Light Deuterium Engine Engine Light Deuterium Engine Propulsion Light Treads Treads Light Treads Wheel Compact Wheel Utility Large Storage Unit Storage Large Storage Unit Weapon Autogun Energy Gun Particle Gun Energy Cannon Beam Cannon Ballistic Gun Autogun Launcher Grenade Launcher Build | -11 -10 -10 -10 -9 ------- Run | Scr Mat Min Exi Min Slots Evolved . | . . . . . Power . | . . . . . Propulsion . | . . . . . Utility . | . . . . . Weapon . | . . . . . Parts Attached 32 | 7 14 7 3 1 Power 4 | 1 2 1 . . Engine 4 | 1 2 1 . . Core . | . . . . . Reactor . | . . . . . Propulsion 7 | 2 3 2 . . Treads 4 | 1 1 2 . . Leg . | . . . . . Wheel 3 | 1 2 . . . Hover . | . . . . . Flight . | . . . . . Utility 6 | 2 2 . 2 . Device . | . . . . . Storage 6 | 2 2 . 2 . Processor . | . . . . . Hackware . | . . . . . Protection . | . . . . . Artifact . | . . . . . Weapon 15 | 2 7 4 1 1 Energy Gun 4 | . 1 2 1 . Energy Cannon 1 | . 1 . . . Ballistic Gun 8 | 2 4 1 . 1 Ballistic Cannon . | . . . . . Launcher 2 | . 1 1 . . Special Weapon . | . . . . . Impact Weapon . | . . . . . Slashing Weapon . | . . . . . Piercing Weapon . | . . . . . Special Melee Weapon . | . . . . . Unidentified Prototypes . | . . . . . Parts Lost 5 | . 5 . . . Power 1 | . 1 . . . Propulsion 1 | . 1 . . . Utility . | . . . . . Weapon 3 | . 3 . . . Highest Loss Streak 2 | . 2 . . . Average Slot Usage (%) 99 | . 99 99 100 100 Engine 13 | . 13 13 14 14 Treads 21 | . 14 27 28 28 Wheel 6 | . 13 . . . Storage 28 | . 28 28 28 28 Energy Gun 8 | . 10 . 13 12 Ballistic Gun 19 | . 16 27 14 15 Naked Turns . | . . . . . Heaviest Build 75 | 14 43 43 75 75 Greatest Support 40 | 10 20 40 40 40 Greatest Overweight (x) 2 | 1 2 2 1 1 Average Overweight (x) 1 | . 1 1 1 1 Largest Inventory Capacity 20 | 8 16 16 20 20 Average Capacity 15 | 7 13 16 18 20 Most Carried 20 | 5 16 16 20 20 Average Carried 15 | 3 13 15 18 20 Final Capacity 20 | 8 16 16 20 20 Final Carried 20 | 5 16 16 20 20 Class Distribution -------------------- 80% | Mutant 15% | Hauler-Mutant 3% | Scavenger-Mutant Dominant Class ---------------- Mutant | -10/Materials Mutant | -10/Mines Hauler-Mutant | -10/Exiles Hauler-Mutant | -9/Mines Resources | -11 -10 -10 -10 -9 ----------- Run | Scr Mat Min Exi Min Matter Collected 1273 | 346 441 476 10 . Remotely . | . . . . . Salvage Created 2187 | 176 979 995 . 37 Parts 123 | 16 64 43 . . Haulers Intercepted 2 | . 2 . . . Recyclers Shooed 3 | . 2 1 . . Parts Field Recycled . | . . . . . Retrieved Matter . | . . . . . Parts Self-Destructed . | . . . . . Prevented . | . . . . . Kills | -11 -10 -10 -10 -9 ------- Run | Scr Mat Min Exi Min Combat Hostiles Destroyed 29 | . 18 8 . 3 Guns 21 | . 12 6 . 3 Cannons 2 | . 2 . . . AOE 6 | . 4 2 . . Classes Destroyed 9 | 2 6 . . 1 Worker 2 | . 2 . . . Builder 3 | . 2 1 . . Tunneler 4 | 4 . . . . Hauler 2 | . 2 . . . Recycler 16 | 1 3 12 . . Watcher 3 | . 3 . . . Swarmer 12 | . 6 6 . . Grunt 14 | . 12 2 . . Assembled 3 | . . . . 3 Best Kill Streak 7 | 4 7 3 . 3 Combat Bots Only 5 | . 5 3 . 3 Max Kills in Single Turn 4 | 2 4 2 . 2 Gunslinging 1 | . . . . 1 Exploded 4 | . 4 2 . . Melee . | . . . . . Uniques/NPCs Destroyed . | . . . . . Combat | -11 -10 -10 -10 -9 -------- Run | Scr Mat Min Exi Min Damage Taken 1431 | . 800 344 . 287 Core 276 | . 134 63 . 79 Absorbed by Shields . | . . . . . Core Remaining (%) 100 | 100 . . . . Volleys Fired 174 | 19 88 56 . 11 Largest 2 | 2 2 2 . 2 Hottest 88 | 40 88 86 . 86 Shots Fired 335 | 38 165 110 . 22 Gun 307 | 38 138 109 . 22 Cannon 26 | . 26 . . . Launcher 2 | . 1 1 . . Special . | . . . . . Kinetic 254 | 38 105 99 . 12 Thermal 79 | . 59 10 . 10 Explosive 2 | . 1 1 . . Electromagnetic . | . . . . . Robot Hit Streak 10 | 7 10 8 . 9 Robot Miss Streak 5 | 1 3 5 . 3 Penetration Max . | . . . . . Secondary Targets 1 | . . . . 1 Max Gunslinging Chain 1 | . . . . 1 Shots Hit Robots 199 | 30 96 60 . 13 Core Hits 83 | 8 42 26 . 7 Critical Hits 3 | . 1 1 . 1 Critical Kills 1 | . . 1 . . Critical Parts Destroyed 2 | . 1 . . 1 Melee Attacks . | . . . . . Impact . | . . . . . Slashing . | . . . . . Piercing . | . . . . . Sneak Attacks . | . . . . . Combat Hostiles . | . . . . . Follow-up Attacks . | . . . . . Damage Inflicted 3080 | 280 1620 975 . 205 Guns 2510 | 280 1176 849 . 205 Cannons 244 | . 244 . . . Explosions 326 | . 200 126 . . Melee . | . . . . . Ramming . | . . . . . Kinetic 2095 | 280 894 849 . 72 Thermal 659 | . 526 . . 133 Explosive 326 | . 200 126 . . Electromagnetic . | . . . . . Impact . | . . . . . Slashing . | . . . . . Piercing . | . . . . . Highest Corruption . | . . . . . Average Corruption . | . . . . . Corruption Purged . | . . . . . Overload Shots . | . . . . . Overflow Damage 8 | . . 8 . . Projectiles . | . . . . . Explosions 8 | . . 8 . . Melee . | . . . . . Knockbacks . | . . . . . Impact . | . . . . . Kinetic . | . . . . . Secondary . | . . . . . Self-Inflicted Damage . | . . . . . Shots . | . . . . . Rammed . | . . . . . Targets Rammed . | . . . . . Kicked . | . . . . . Crushed . | . . . . . Highest Temperature 406 | . 406 250 . 351 Average Temperature 86 | . 96 42 . 194 Received Heat Transfer 460 | . 387 33 . 40 Effects 3 | . 2 . . 1 Shutdowns 1 | . 1 . . . Short Circuit 1 | . . . . 1 Damage (minor) 1 | . 1 . . . Siege Activations . | . . . . . Robots Corrupted . | . . . . . Combat Hostiles . | . . . . . Parts Fried . | . . . . . Impact Corruptions . | . . . . . Robots Melted . | . . . . . Combat Hostiles . | . . . . . Parts Melted 1 | . 1 . . . Heat Transferred 1480 | . 1184 . . 296 Parts Sabotaged . | . . . . . Parts Stolen . | . . . . . Parts Stripped . | . . . . . Power Chain Reactions . | . . . . . Missiles Intercepted . | . . . . . Alert | -11 -10 -10 -10 -9 ------- Run | Scr Mat Min Exi Min Peak Influence 472 | 25 472 126 . . Average Influence 146 | 12 236 47 . . Maximum Alert Level 2 | . 2 . . . Low Security (%) 67 | 100 38 100 . 100 Level 1 28 | . 52 . . . Level 2 4 | . 8 . . . Level 3 . | . . . . . Level 4 . | . . . . . Level 5 . | . . . . . High Security . | . . . . . Max Security . | . . . . . Squads Dispatched 6 | . 5 1 . . Investigation 6 | . 5 1 . . Extermination . | . . . . . Reinforcement . | . . . . . Assault . | . . . . . Garrison . | . . . . . Intercept . | . . . . . Construction Impeded . | . . . . . Haulers Reinforced . | . . . . . Stealth | -11 -10 -10 -10 -9 --------- Run | Scr Mat Min Exi Min Distress Signals 1 | . 1 . . . Communications Jammed . | . . . . . Distress Signals . | . . . . . Times Spotted 42 | . 27 10 . 5 Peak Tracking Total 7 | . 7 3 . 5 Tactical Retreats 2 | . 1 1 . . Traps | -11 -10 -10 -10 -9 ------- Run | Scr Mat Min Exi Min Traps Triggered 3 | . 2 1 . . Indirectly . | . . . . . Trap Hack Attempts . | . . . . . Triggered . | . . . . . Disarmed . | . . . . . Reprogrammed . | . . . . . Reused . | . . . . . Traps Extracted . | . . . . . Installed . | . . . . . Triggered . | . . . . . Machines | -11 -10 -10 -10 -9 ---------- Run | Scr Mat Min Exi Min Machines Disabled 1 | . 1 . . . Max in Single Turn 1 | . 1 . . . Machines Sabotaged . | . . . . . Garrisons Compromised . | . . . . . Overloaded Fab Kills . | . . . . . Fab Network Shutdowns . | . . . . . Hacking | -11 -10 -10 -10 -9 --------- Run | Scr Mat Min Exi Min Machines Accessed 13 | . 10 2 1 . Terminals 8 | . 8 . . . Fabricators . | . . . . . Repair Stations . | . . . . . Recycling Units 2 | . 2 . . . Scanalyzers . | . . . . . Garrison Access . | . . . . . Total Hacks 42 | . 36 2 4 . Successful 25 | . 19 2 4 . Failed 16 | . 16 . . . Catastrophic 1 | . 1 . . . Database Lockouts 1 | . 1 . . . Manual 22 | . 22 . . . Terminals 31 | . 31 . . . Fabricators . | . . . . . Repair Stations . | . . . . . Recycling Units 5 | . 5 . . . Scanalyzers . | . . . . . Garrison Access . | . . . . . Terminal Hacks 18 | . 12 2 4 . Record 4 | . . . 4 . Part Schematic 1 | . 1 . . . Prototype ID Bank 2 | . 2 . . . Open Door 2 | . . 2 . . Scanalyzer Index 1 | . 1 . . . Locate Traps 1 | . 1 . . . Recall Investigation 2 | . 2 . . . Zone Layout 5 | . 5 . . . Fabricator Hacks . | . . . . . Repair Station Hacks . | . . . . . Recycling Unit Hacks 2 | . 2 . . . Retrieve Components 2 | . 2 . . . Scanalyzer . | . . . . . Garrison Access Hacks . | . . . . . Unauthorized Hacks 10 | . 10 . . . Terminals 3 | . 3 . . . Track 1 | . 1 . . . Botnet 2 | . 2 . . . Fabricators . | . . . . . Repair Stations . | . . . . . Recycling Units 2 | . 2 . . . Tunnel 2 | . 2 . . . Scanalyzers . | . . . . . Garrison Access . | . . . . . Data Cores Recovered . | . . . . . Used . | . . . . . Hacking Detections 8 | . 8 . . . Full Trace Events . | . . . . . Feedback Events . | . . . . . Feedback Blocked . | . . . . . Robot Schematics Acquired . | . . . . . Robots Built . | . . . . . Matter . | . . . . . Time . | . . . . . Total Robot Build Rating . | . . . . . Part Schematics Acquired 1 | . 1 . . . Parts Built . | . . . . . Matter . | . . . . . Time . | . . . . . Total Part Build Rating . | . . . . . Parts Repaired . | . . . . . Time . | . . . . . Parts Recycled . | . . . . . Recycled Matter . | . . . . . Retrieved Matter . | . . . . . Retrieved Components 11 | . 11 . . . Parts Scanalyzed . | . . . . . Part Schematics Acquired . | . . . . . Parts Damaged . | . . . . . Bothacking | -11 -10 -10 -10 -9 ------------ Run | Scr Mat Min Exi Min Used RIF Installer . | . . . . . Robots Hacked . | . . . . . Non-combat . | . . . . . Combat . | . . . . . Robot Hacks Applied . | . . . . . Relay Couplers Released . | . . . . . Robots Rewired . | . . . . . Allies Hacked . | . . . . . Hacks Repelled . | . . . . . Allies | -11 -10 -10 -10 -9 -------- Run | Scr Mat Min Exi Min Total Allies . | . . . . . Largest Group . | . . . . . Highest-Rated Group . | . . . . . Highest-Rated Ally . | . . . . . Total Orders . | . . . . . Ally Attacks . | . . . . . Total Damage . | . . . . . Kills . | . . . . . Allies Corrupted . | . . . . . Allies Melted . | . . . . . Intel | -11 -10 -10 -10 -9 ------- Run | Scr Mat Min Exi Min Robot Analysis Total . | . . . . . Derelict Logs Recovered 2 | . . 2 . . Drone Launches . | . . . . . Drone Recoveries . | . . . . . Exploration | -11 -10 -10 -10 -9 ------------- Run | Scr Mat Min Exi Min Turns Passed 4189 | 111 1739 1318 935 86 Spaces Moved 2139 | 43 917 640 512 27 Core 5 | 5 . . . . Treads 1683 | . 522 622 512 27 Legs . | . . . . . Wheels 451 | 38 395 18 . . Hover . | . . . . . Flight . | . . . . . Fastest Speed 50 | 50 90 120 180 180 Average Speed 167 | 80 157 178 180 180 Slowest Speed 200 | 90 200 180 180 180 Overloaded Moves . | . . . . . Propulsion Burnouts . | . . . . . Robots Hopped . | . . . . . Cave-ins Triggered . | . . . . . Exploration Rate (%) 51 | 3 98 74 69 11 Regions Visited 4 Branch Regions 3 Pre-discovered Areas 4 | . 2 1 1 . Known Exits Taken . | . . . . . Unknown Exits Taken 4 | 1 1 1 1 . Scrap Searched . | . . . . . Spaces Dug . | . . . . . Terrain Destroyed 11 | . 2 9 . . Melee . | . . . . . Projectile . | . . . . . AOE 11 | . 2 9 . . Actions | -11 -10 -10 -10 -9 --------- Run | Scr Mat Min Exi Min Total 2446 | 81 1059 732 528 46 Wait 34 | 8 11 10 . 5 Move 2135 | 42 916 639 511 27 Hop . | . . . . . Pick Up 44 | 5 21 9 8 1 Fast Attach 10 | 7 1 2 . . Attach 12 | . 8 3 1 . Detach . | . . . . . Swap 10 | . 5 2 2 1 Drop 27 | . 9 11 6 1 Fire 174 | 19 88 56 . 11 Melee . | . . . . . Ram . | . . . . . Kick . | . . . . . Crush . | . . . . . Escape Stasis . | . . . . . Rewire . | . . . . . Trap . | . . . . . Miscellaneous . | . . . . . Route ------- -11/Scrapyard -10/Materials (discovered 4 exits: [*Mat x3] / *Min) -10/Mines (discovered 3 exits: [*Mat x2] / *Exi) -10/Exiles -9/Mines History --------- Turn | Location | Event 30 | -11/Scrapyard | Discovered new exit (range 16) 112 | -11/Scrapyard | Entered Materials 207 | -10/Materials | Discovered new exit (range 15) 300 | -10/Materials | Build established: Mutant 559 | -10/Materials | Discovered new exit (range 11) 588 | -10/Materials | Core integrity fell below 50% 1447 | -10/Materials | Discovered new exit (range 3) 1474 | -10/Materials | Central database locked down 1746 | -10/Materials | Discovered new exit (range 16) 1851 | -10/Materials | Entered Mines 1858 | -10/Mines | Met a Derelict shopkeep closing up shop 2021 | -10/Mines | Learned Materials emergency access door positions 2142 | -10/Mines | Met a Derelict who couldn't figure out how to use a Trap Extractor 2399 | -10/Mines | Discovered new exit (range 12) 2486 | -10/Mines | Discovered new exit (range 15) 2950 | -10/Mines | Discovered new exit (range 12) 2977 | -10/Mines | Learned location of Recycling (-8) 3160 | -10/Mines | Deemed a non-threat by the Exiles lab entrance 3169 | -10/Mines | Entered Exiles 3219 | -10/Exiles | Met 8R-AWN 3249 | -10/Exiles | Met EX-HEX 3327 | -10/Exiles | Learned location of Zion (-6) 3336 | -10/Exiles | Met EX-DEC 3848 | -10/Exiles | Build established: Hauler-Mutant 3884 | -10/Exiles | Met EX-BIN 4088 | -10/Exiles | Discovered new exit (range 10) 4104 | -10/Exiles | Entered Mines 4111 | -9/Mines | Received a Rocket Launcher from a helpful Derelict 4136 | -9/Mines | Assembled infested the area 4164 | -9/Mines | Core integrity fell below 20% 4190 | -9/Mines | Destroyed by as-35372 with Assembled Blade Last Messages --------------- the wall? Done." 04110_ 7D-S0T(g): "Need a small hole in the wall? Leave that to the mining laser wimps, I say!" 04111_ 7D-S0T(g): "Would you like a rocket launcher? I know I would if I were you, so I'm going to lend you mine." 04111_ 7D-S0T(g) slips back into the shadows. 04119_ Dropped Grenade Launcher. 04119_ Acquired Rocket Launcher. 04124_ K-01 Serf collects debris. 04136_ ALERT: Infestation in the mines, dispatching Demolisher response squad. 04136_ K-01 Serf collects debris. 04163_ as-13349 destroyed. 04163_ Switching to secondary target: as-71147. 04163_ as-71147 destroyed. 04168_ as-34916 suffers critical hit. 04168_ Destroyed Asb. Hover Unit. 04174_ as-34916 destroyed. 04184_ Overheating: Short circuit. 04184_ Broken Lgt. Treads permanently disabled. Map ----- +----------------------------------------------------+ | | | | | | | | | | | | | | | | | | | | | | | | | | | | | ??????????????????????????????????????????? | | ??????????????????????????????????????????? | | ??????????????????????????????????????????? | | ??????????????????????????###?????????????? | | ?????????????????????????## ##????????????? | | ?????????????????????????# #????????????? | | ?????????????????????????# #????????????? | | ??????????????????####???# #????????????? | | ?????????????????## ##??# ##???????????? | | ????????????????## #### ] #???????????? | | ???????????????## % #???????????? | | ???????????????# % @ ##???????????? | | ???????????????# ####a###????????????? | | ??????????????## #??#a#??????????????? | | ??????????????# #??# #??????????????? | | ?????????????# #? #??????????????? | | ??????????? ??????????????? | | ?????????# #?????????????? | | ?????????# #?????????????? | | ?????????## ????????????? | | ??????????# ## ???????????? | | ??????????## ## #?????????????? | | ???????????### ##?# ##?????????????? | | ?????????????## ##??######??????????????? | | ??????????????# ##????????????????????????? | | ??????????????# ??????????????????????????? | | ??????????????# ??????????????????????????? | | ??????????????# ??????????????????????????? | | ?????????????? ???????????????????????????? | | ??????????????????????????????????????????? | | ??????????????????????????????????????????? | | ??????????????????????????????????????????? | | ??????????????????????????????????????????? | | ??????????????????????????????????????????? | | ??????????????????????????????????????????? | | ??????????????????????????????????????????? | +----------------------------------------------------+ Best States ------------- Heat Dissipation 25 Energy Generation 14 Energy Capacity 250 Matter Stores 300 Matter Capacity 300 Sight Range 16 Terrain Scan Density 10 Evasion (%) 44 Recoil Reduction 2 Item Schematics ----------------- Hcp. Storage Unit | -10/Materials | Hacked Robot Schematics ------------------ None Fabricated ------------ Nothing Alien Tech Used ----------------- None Achievements -------------- None Challenges ------------ None Game ------ Seed ShrapnelVariableMegatreads Manual? 0 Play Time 00:19:31 Cumulative 337.1 hours Start 2020.03.07 @ 23:48:20 End 2020.03.08 @ 15:21:31 Sessions 3 Manual Loads 0 Difficulty Rogue Special Mode None Game No. 245 Rogue 245 Adventurer 0 Explorer 0 Win Type - Total 3 Types 3/0/0/0/0/0/0 Lore% 76 Gallery% 83 Achievement% 61 Wizard Run 0 Options --------- ASCII 0 Keyboard 0 Movement Mouse Keybinds 1 Fullscreen 2 Font 24/Smallcaps Map View 76x50 Tactical HUD 1 Map Filters NONE Filters NONE Steam 1 RUN: 0fa75208-096f-4a98-9258-2edf2b52cba9